 Dungeon Crawl Stone Soup version 0.25-b1-23-ge2ad7d536c (webtiles) character file.

Game seed: 8086325516977670977, levelgen mode: deterministic

67 lepoulpe303 the Grave Robber (level 3, -1/24 HPs)
             Began as a Demonspawn Necromancer on June 2, 2020.
             Slain by a killer bee zombie (7 damage)
             ... on level 2 of the Dungeon.
             The game lasted 00:08:11 (2885 turns).

lepoulpe303 the Grave Robber (DsNe)                 Turns: 2885, Time: 00:08:11

Health: -1/24      AC:  4    Str:  8    XL:     3   Next: 98%
Magic:  7/7        EV: 12    Int: 17    God:
Gold:   146        SH:  0    Dex: 13    Spells: 2/7 levels left

rFire    . . .     SeeInvis .   c - +0 short sword
rCold    . . .     Gourm    .   (no shield)
rNeg     . . .     Faith    .   a - +0 robe
rPois    .         Spirit   .   (helmet restricted)
rElec    .         Reflect  .   (no cloak)
rCorr    .         Harm     .   (no gloves)
MR       .....                  (no boots)
Stlth    ++........             (no amulet)
HPRegen  0.08/turn              (no ring)
MPRegen  0.10/turn              (no ring)

@: no status effects
A: antennae 1, icy blue scales 1
a: no special abilities


You were on level 2 of the Dungeon.
You were not hungry.

You visited 1 branch of the dungeon, and saw 2 of its levels.

You collected 146 gold pieces.

Inventory:

Hand Weapons
 c - a +0 short sword (weapon)
Armour
 a - a +0 robe (worn)
 d - a +0 buckler
Jewellery
 k - an uncursed ring of resist corrosion {unknown}
Scrolls
 b - 3 scrolls of identify {unknown}
 i - a scroll of random uselessness {unknown}
 l - a scroll of enchant weapon {unknown}
Potions
 f - a potion of curing {unknown}
 g - a potion of lignification {unknown}
 j - 2 potions of invisibility {unknown}
 m - a potion of flight {unknown}
Comestibles
 e - 4 rations
 h - a chunk of flesh


   Skills:
 + Level 2.2 Dodging
 + Level 2.1 Stealth
 + Level 0.6 Shields
 * Level 2.7 Spellcasting
 * Level 5.0 Necromancy


You had 2 spell levels left.
You knew the following spells:

 Your Spells              Type           Power        Failure   Level  Hunger
a - Pain                  Necr           ###.         2%          1    #......
x - Vampiric Draining     Necr           ###.......   7%          3    ###....
A - Animate Skeleton      Necr           N/A          2%          1    #......

Your spell library contained the following spells:

 Spells                   Type           Power        Failure   Level  Hunger
 Animate Dead             Necr           N/A          22%         4    #####..
 Agony                    Necr           ###.....     54%         5    ######.


Dungeon Overview and Level Annotations

Branches:
Dungeon (2/15)

Altars:
Nemelex Xobeh

Annotations:
D:2 Terence


Innate Abilities, Weirdness & Mutations

You have a pair of small antennae on your head.
You are partially covered in icy blue scales. (AC +2)


Message History

The killer bee zombie closely misses you.
The killer bee zombie barely misses you.
You closely miss the killer bee zombie. The killer bee zombie hits you.
The killer bee zombie barely misses you.
You take 2 damage, and have 21/24 hp.
You hit the killer bee zombie.
The killer bee zombie barely misses you.
The killer bee zombie hits you.
You take 2 damage, and have 19/24 hp.
You closely miss the killer bee zombie.
The killer bee zombie barely misses you.
The killer bee zombie hits you.
* * * LOW HITPOINT WARNING * * *
You take 6 damage, and have 13/24 hp.
MASSIVE DAMAGE!!
You hit the killer bee zombie but do no damage.
The killer bee zombie hits you!
* * * LOW HITPOINT WARNING * * *
The killer bee zombie hits you!
You die...

#.......# #....>..# #.......# #
##._...######## #####
#.............# ##
....####.............# #.
###...##.............###########.
# ###.........................##.
# ####.#...#.Z@.............##.
### #.##...................##.
.$# #.#####................##.
..## #.# #...................
...# #.#####...................
...# #.##...................##.
...# #.##.#####.###.........###
...# ##.#..# #)# #.........#
#.... ..#.## #.# ##.##..##.##


You could see a killer bee zombie.

Levels and vault maps discovered:
D:1:      lightli_arrival_farm, layout_rooms, minmay_ruptured
D:2:      layout_rooms, overflow_temple_1_default, first_ration, uniq_terence

Notes
Turn   | Place    | Note
-------+----------+-------------------------------------------
     0 | D:1      | lepoulpe303 the Demonspawn Necromancer began the quest for
                  | the Orb.
     0 | D:1      | Reached XP level 1. HP: 13/13 MP: 3/3
   548 | D:1      | HP: 3/13 [bat (1)]
   549 | D:1      | Gained mutation: You have a pair of small antennae on your
                  | head. [demonic ancestry]
   549 | D:1      | Reached XP level 2. HP: 5/19 MP: 0/5
   556 | D:1      | Learned a level 1 spell: Animate Skeleton
   818 | D:1      | Identified a +0 short sword (You found it on level 1 of the
                  | Dungeon)
   841 | D:1      | Identified a +0 club
   842 | D:1      | Identified a +0 club
   842 | D:1      | Identified a +0 club
   843 | D:1      | Identified a +0 whip
   844 | D:1      | Identified a +0 dagger
   844 | D:1      | Identified a cursed -1 whip
   857 | D:1      | lepoulpe303: !whichgod dsne
   897 | D:1      | HP: 3/19 [goblin/+0 club (4)]
   898 | D:1      | meem: 52 recent wins for dsne: 21x Kikubaaqudgha, 5x
                  | Nemelex Xobeh, 4x Vehumet, 3x Hepliaklqana, 2x Okawaru, 2x
                  | Cheibriados, 2x Dithmenos, 2x Gozag, 2x Ashenzari, 2x Xom,
                  | Uskayaw, Fedhas, Ru, Sif Muna, Trog, Yredelemnul, Wu Jian
   945 | D:1      | HP: 3/19 [kobold/+0 dagger (2)]
   946 | D:1      | Reached skill level 2 in Stealth
   974 | D:1      | HP: 4/19 [giant cockroach (1)]
   975 | D:1      | Reached skill level 2 in Dodging
  1398 | D:1      | Identified a +0 buckler
  1455 | D:1      | Identified a +0 club
  1478 | D:1      | Identified a +0 club
  1488 | D:1      | Identified a +0 short sword
  1488 | D:1      | Identified a +0 chain mail
  1491 | D:1      | Gained mutation: You are partially covered in icy blue
                  | scales. (AC +2) [demonic ancestry]
  1491 | D:1      | Reached XP level 3. HP: 15/24 MP: 2/6
  1800 | D:2      | Identified a +2 hand axe of electrocution
  1800 | D:2      | Identified a +0 scale mail
  1800 | D:2      | Noticed Terence
  1812 | D:1      | Learned a level 3 spell: Vampiric Draining
  2213 | D:2      | HP: 5/24 [worm (8)]
  2214 | D:2      | Identified a cursed +0 short sword
  2214 | D:2      | Identified a +0 robe
  2216 | D:2      | Found a sparkling altar of Nemelex Xobeh.
  2232 | D:2      | Reached skill level 5 in Necromancy
  2885 | D:2      | HP: 6/24 [killer bee zombie (7)]
  2885 | D:2      | Slain by a killer bee zombie

Table legend:
 A = Turns spent in this place as a percentage of turns spent in the entire game.
 B = Non-inter-level travel turns spent in this place as a percentage of non-inter-level travel turns spent in the entire game.
 C = Inter-level travel turns spent in this place as a percentage of turns spent in this place.
 D = Turns resting spent in this place as a percentage of non-inter-level travel turns spent in this place.
 E = Turns spent auto-exploring this place as a percentage of non-inter-level travel turns spent in this place.
 F = Non-inter-level travel turns spent in this place divided by the number of levels of this place that you've seen.
                   A       B       C       D       E      F
               +-------+-------+-------+-------+-------+----------------------
         Total | 100.0 | 100.0 |   2.4 |  46.8 |  28.2 | 1407.5
       Dungeon | 100.0 | 100.0 |   2.4 |  46.8 |  28.2 | 1407.5
               +-------+-------+-------+-------+-------+----------------------

Table legend:
 A = Kills in this place as a percentage of kills in entire the game.
 B = Kills by you in this place as a percentage of kills by you in the entire game.
 C = Kills by friends in this place as a percentage of kills by friends in the entire game.
 D = Other kills in this place as a percentage of other kills in the entire game.
 E = Experience gained in this place as a percentage of experience gained in the entire game.
 F = Experience gained in this place divided by the number of levels of this place that you have seen.
                   A       B       C       D       E      F
               +-------+-------+-------+-------+-------+----------------------
         Total | 100.0 | 100.0 |   N/A |   N/A | 100.0 |  48.0
       Dungeon | 100.0 | 100.0 |   N/A |   N/A | 100.0 |  48.0
               +-------+-------+-------+-------+-------+----------------------

Skill      XL: |  1  2  3 |
---------------+----------+-----
Stealth        | 2 |  2.1
Dodging        | 2 |  2.2
Necromancy     | 5 |  5.0
Shields        | |  0.6
Spellcasting   | |  2.7

Action                   || total
-------------------------++-------
Melee: Unarmed           ||     5
       Short sword       ||   116
 Cast: Pain              ||    48
 Stab: Sleeping          ||     5
  Eat: Chunk             ||     7
Armor: Robe              ||    72
Dodge: Dodged            ||   134

Vanquished Creatures
  An adder (D:2)
  A worm (D:2)
  A dart slug (D:1)
  2 leopard geckos
  12 bats
  4 giant cockroaches
  8 goblins
  3 hobgoblins
  A quokka (D:2)
  3 frilled lizards (D:2)
  7 kobolds
  8 rats
51 creatures vanquished.
